 Dungeon Crawl Stone Soup version 0.28.0-53-g5a82cb258f (webtiles) character file.

Game seed: 16467640851048265186

3320 Duralumin the Firebug (level 9, -12/62 HPs)
             Began as a Demigod Fire Elementalist on Aug 17, 2022.
             Mangled by a two-headed ogre
             ... wielding a +0 giant club
              (26 damage)
             ... on level 8 of the Dungeon.
             The game lasted 00:29:50 (9110 turns).

Duralumin the Firebug (Demigod Fire Elementalist)   Turns: 9110, Time: 00:29:50

Health: -12/62     AC:  9    Str: 15    XL:     9   Next: 43%
Magic:  20/32      EV: 12    Int: 29    God:
Gold:   439        SH:  0    Dex: 14    Spells: 2/21 levels left

rFire   . . .      SeeInvis .   n - +2 short sword (speed)
rCold   . . .      Faith    .   (no shield)
rNeg    . . .      Spirit   .   a - +0 robe
rPois   .          Reflect  .   u - +0 helmet
rElec   .          Harm     .   q - +2 cloak
rCorr   .          Rampage  .   g - +2 pair of gloves
Will    .....                   (no boots)
Stlth   ++........              (no amulet)
HPRegen 0.20/turn               t - ring of magical power
MPRegen 0.23/turn               d - +6 ring of strength

@: no status effects
A: high MP 1, forlorn, divine attributes
a: no special abilities


You were on level 8 of the Dungeon.
You visited 1 branch of the dungeon, and saw 8 of its levels.

You collected 469 gold pieces.
You spent 30 gold pieces at shops.

Inventory:

Hand Weapons
 k - a +0 dagger
 n - a +2 short sword of speed (weapon)
Missiles
 j - 6 javelins
Armour
 a - a +0 robe (worn)
 g - a +2 pair of gloves (worn)
 q - a +2 cloak (worn)
 u - a +0 helmet (worn)
 v - an orb of energy
Jewellery
 d - a +6 ring of strength (right hand)
 t - a ring of magical power (left hand)
 z - a ring of protection from fire
 F - a ring of positive energy
Scrolls
 b - a scroll of immolation {unknown}
 c - a scroll of magic mapping {unknown}
 f - 2 scrolls of blinking {unknown}
 h - 2 scrolls of fog {unknown}
 i - 5 scrolls of teleportation
 m - a scroll of amnesia {unknown}
 o - 4 scrolls of identify {unknown}
 s - 2 scrolls of summoning {unknown}
 w - a scroll of acquirement {unknown}
 y - 2 scrolls of enchant weapon {unknown}
 C - a scroll of brand weapon {unknown}
 D - a scroll of noise {unknown}
 G - a scroll of vulnerability {unknown}
Potions
 e - 2 potions of degeneration {unknown}
 l - a potion of ambrosia {unknown}
 p - 2 potions of attraction {unknown}
 r - 4 potions of curing
 x - a potion of haste {unknown}
 A - a potion of might {unknown}
 B - a potion of invisibility {unknown}
 E - a potion of mutation {unknown}


   Skills:
 - Level 1.7 Dodging
 - Level 1.7 Stealth
 + Level 6.9 Spellcasting
 + Level 7.3 Conjurations
 + Level 7.8 Fire Magic


You had 2 spell levels left.
You knew the following spells:

 Your Spells              Type           Power      Damage    Failure   Level
a - Foxfire               Conj/Fire      100%       2x1d9     1%          1
b - Scorch                Fire           100%       2d10      1%          2
c - Conjure Flame         Conj/Fire      52%        6-21      1%          3
d - Flame Wave            Conj/Fire      52%        2d11      2%          4
e - Stone Arrow           Conj/Erth      62%        3d10      3%          3
f - Apportation           Tloc           20%        N/A       5%          1
g - Passwall              Tmut/Erth      8%         N/A       8%          2
h - Inner Flame           Hex/Fire       32%        N/A       3%          3

Your spell library contained the following spells:

 Spells                   Type           Power      Damage    Failure   Level
 Magic Dart               Conj           100%       1d8       1%          1
 Animate Skeleton         Necr           20%        N/A       5%          1
 Sandblast                Erth           20%        2d7       5%          1
 Slow                     Hex            40%        N/A       5%          1
 Summon Small Mammal      Summ           40%        N/A       5%          1
 Call Imp                 Summ           10%        N/A       8%          2
 Dazzling Flash           Conj/Hex       62%        N/A       3%          3
 Mephitic Cloud           Conj/Pois/Air  24%        N/A       5%          3
 Confusing Touch          Hex            10%        N/A       16%         3
 Portal Projectile        Hex/Tloc       20%        N/A       16%         3
 Summon Guardian Golem    Hex/Summ       10%        N/A       16%         3
 Agony                    Necr           10%        N/A       82%         5
 Silence                  Hex/Air        5%         N/A       82%         5
 Summon Mana Viper        Hex/Summ       10%        N/A       82%         5
 Yara's Violent Unravell  Hex/Tmut       5%         3d4       82%         5
 Enfeeble                 Hex            5%         N/A       100%        7


Dungeon Overview and Level Annotations

Branches:
Dungeon (8/15)             Temple (0/1) D:4
   Lair: D:8-11

Shops:
D:1 (   D:2 *

Annotations:
D:2 Natasha
D:8 2 transporters, 4 runed translucent doors, Harold


Innate Abilities, Weirdness & Mutations

You have an increased reservoir of magic. (+10% MP)
You shall have no god before yourself.
Your divine heritage dramatically boosts your attributes as you level up.


Message History

Casting: Foxfire (safe; 1% risk of failure)
Confirm with . or Enter, or press ? or * to list all spells.
Okay, then.
Unknown command.
Unknown command.
Casting: Foxfire (safe; 1% risk of failure)
Confirm with . or Enter, or press ? or * to list all spells.
Casting: Flame Wave (dangerous; 2% risk of failure)
Press: ? - help, Dir - look around, f - activate A wave of flame ripples out!
The flame wave engulfs the bullfrog!
The bullfrog is severely wounded. (Press . to intensify the flame waves.)
You hear a shout! x2
The bullfrog misses you. The bullfrog closely misses you.
A wave of flame ripples out!
The flame wave engulfs the bullfrog!!
You kill the bullfrog!
The flame wave engulfs the centaur zombie!
You destroy the centaur zombie!
You hear a shout!
A wave of flame ripples out!
The flame wave engulfs the two-headed ogre!
The two-headed ogre is heavily wounded.
You finish channelling waves of flame.
You hear a shout!
Unknown command.
Casting: Flame Wave (dangerous; 2% risk of failure)
Confirm with . or Enter, or press ? or * to list all spells.
Flames lash the ice beast.
The ice beast melts!
The ice beast is severely wounded.
The ice beast's fire resistance burns away.
The two-headed ogre hits you with a +0 giant club!
The two-headed ogre barely misses you.
Casting: Scorch (safe; 1% risk of failure)
Confirm with . or Enter, or press ? or * to list all spells.
Flames lash the ice beast.
The ice beast melts!
You kill the ice beast!
The two-headed ogre hits you with a +0 giant club!
* * * LOW HITPOINT WARNING * * *
The two-headed ogre hits you with a +0 giant club!!
You die...

#### #......## ##........##
...###.###### #..........#
##.....# #..........#
###..### #...<......#
#....######## #.........(#
#.#.........## ##..........#
..###........## #>.........##
O.##..........####..........#
#..#...........O@...........#
##.#..........####..........#
.#............# #..........#
.#............# #.........
.#.##........## #.........
.#...........# #.........
##.#..........# #........
#..#..<.......# #........
..#..........#


You could see a two-headed ogre.

Vanquished Creatures
  A two-headed ogre (D:7)
  An acid dragon (D:8)
  A water moccasin (D:6)
  An orc warrior (D:7)
  An ice beast (D:8)
  A necrophage (D:6)
  A black bear (D:6)
  2 ogres (D:5)
  4 centaurs (D:6)
  2 phantoms (D:4)
  2 bullfrogs (D:8)
  A wyvern zombie (D:7)
  A scorpion (D:5)
  4 killer bees (D:7)
  4 centaur zombies
  A bullfrog zombie (D:7)
  3 hounds (D:5)
  A gnoll shaman (D:6)
  5 orc priests
  2 bullfrog skeletons
  A jelly (D:5)
  Jessica (D:2)
  2 centaur skeletons
  Terence (D:2)
  3 iguanas
  A scorpion zombie (D:5)
  5 orc wizards
  A howler monkey zombie (D:5)
  4 gnolls (D:6)
  A howler monkey skeleton (D:4)
  5 adders
  7 river rats (D:5)
  A shadow imp (D:8)
  3 white imps
  3 ufetubi (D:5)
  An adder skeleton (D:4)
  3 dart slugs (D:1)
  28 orcs
  4 ball pythons
  7 bats
  9 endoplasms
  7 goblins
  7 hobgoblins
  4 jackals
  13 quokkas
  3 frilled lizards
  8 kobolds
  23 rats
195 creatures vanquished.

Vanquished Creatures (others)
  436 foxfires
436 creatures vanquished.

Grand Total: 631 creatures vanquished

Notes
Turn   | Place    | Note
-------+----------+-------------------------------------------
     0 | D:1      | Duralumin the Demigod Fire Elementalist began the quest for
                  | the Orb.
     0 | D:1      | Reached XP level 1. HP: 14/14 MP: 5/5
    28 | D:1      | Reached skill level 1 in Conjurations
   231 | D:1      | Found Vyqeh's Antique Weapon Shop.
   267 | D:1      | Reached XP level 2. HP: 20/20 MP: 0/7
   304 | D:1      | Learned a level 2 spell: Scorch
  1132 | D:1      | Reached XP level 3. HP: 26/26 MP: 3/9
  1554 | D:2      | Noticed Terence
  1629 | D:2      | Killed Terence
  1969 | D:2      | Noticed Natasha
  1999 | D:2      | Learned a level 3 spell: Conjure Flame
  2110 | D:2      | Noticed Jessica
  2116 | D:2      | Killed Jessica
  2117 | D:2      | Reached XP level 4. HP: 33/33 MP: 6/10
  2149 | D:2      | Found Koginte's General Store.
  2154 | D:2      | Bought a potion of curing for 30 gold pieces
  3480 | D:4      | Noticed a phantom
  3480 | D:4      | Noticed a steam dragon
  3691 | D:4      | Found a staircase to the Ecumenical Temple.
  3735 | D:4      | Reached XP level 5. HP: 38/38 MP: 12/12
  3785 | D:4      | Learned a level 4 spell: Flame Wave
  4234 | D:5      | Entered Level 5 of the Dungeon
  4234 | D:5      | Noticed an ogre
  4239 | D:5      | Killed an ogre
  4240 | D:5      | Reached XP level 6. HP: 45/45 MP: 14/14
  5141 | D:5      | Reached XP level 7. HP: 50/50 MP: 16/16
  5212 | D:5      | Reached skill level 5 in Fire Magic
  6199 | D:6      | Reached skill level 5 in Spellcasting
  6199 | D:6      | Reached skill level 5 in Conjurations
  6199 | D:6      | Reached XP level 8. HP: 57/57 MP: 19/19
  8004 | D:7      | Got the Collected Works on Enchantment
  8228 | D:7      | Reached XP level 9. HP: 59/62 MP: 7/22
  8232 | D:7      | Learned a level 3 spell: Stone Arrow
  8234 | D:7      | Learned a level 1 spell: Apportation
  8237 | D:7      | Learned a level 2 spell: Passwall
  8241 | D:7      | Learned a level 3 spell: Inner Flame
  8467 | D:7      | Noticed a two-headed ogre
  8475 | D:7      | Killed a two-headed ogre
  8680 | D:8      | Found a transporter.
  8726 | D:8      | Found a transporter.
  8887 | D:8      | Found a large runed translucent door.
  8887 | D:8      | Found a large runed translucent door.
  8893 | D:8      | Noticed a deep elf pyromancer
  8989 | D:8      | Identified the +0 ring mail of Cuseahy {Dex+6 Slay-6}
  9026 | D:8      | Noticed Harold
  9031 | D:8      | Found a large runed translucent door.
  9032 | D:8      | Found a large runed translucent door.
  9053 | D:8      | Noticed a two-headed ogre
  9110 | D:8      | Mangled by a two-headed ogre

Illustrated notes

Levels and vault maps discovered:
D:1:      lemuel_arrival_rhombus, layout_basic, serial_shops,
          nicolae_shop_trees, dreamdust_ecumenical_altar_angels_and_demons
D:2:      cheibrodos_helix_gallery, layout_loops_ring, serial_shops, shop,
          uniq_terence, uniq_natasha, uniq_jessica
D:3:      layout_loops_ring, minmay_goblin_kobold_house
D:4:      layout_rooms, temple_doors_e, nicolae_elevator_lobby_plus
D:5:      lemuel_ratsnest, layout_basic
D:6:      nicolae_whirlpool, layout_loops_corners, minmay_pentangle
D:7:      layout_basic, minmay_crystal_water, chequers_garden
D:8:      gammafunk_cloud_chamber, layout_rooms, minmay_hollow_rounded_squares,
          uniq_harold

Skill      XL: |  1  2  3  4  5  6  7  8  9 |
---------------+----------------------------+-----
Conjurations   | 1 2 3 4 5 6 7 |  7.3
Spellcasting   | 2 3 4 5 6 |  6.9
Fire Magic     | 3 4 5 7 |  7.8
Dodging        | |  1.7
Stealth        | |  1.7

Action                   |  1- 3 |  4- 6 |  7- 9 || total
-------------------------+-------+-------+-------++-------
Melee: Unarmed           |     2 |       |       ||     2
       Short sword       |     1 |     3 |     1 ||     5
       Dagger            |     1 |       |       ||     1
 Cast: Foxfire           |    78 |    95 |   141 ||   314
       Scorch            |     2 |    37 |    81 ||   120
       Flame Wave        |       |       |     3 ||     3
  Use: Scroll            |     1 |       |       ||     1
 Stab: Sleeping          |     1 |       |       ||     1
Armor: Robe              |    11 |    12 |    24 ||    47
Dodge: Dodged            |    23 |    16 |    43 ||    82
